 Dungeon Crawl Stone Soup version bcrawl-1.32 (webtiles) character file.

Game seed: 7032708449383406448

253668 Morbidden the Slasher (level 8, -14/67 HPs)
             Began as a Demigod Fighter on July 9, 2021.
             Demolished by a two-headed ogre
             ... wielding a +0 giant spiked club
              (21 damage)
             ... on level 6 of the Dungeon.
             The game lasted 00:10:10 (5122 turns).

Morbidden the Slasher (Demigod Fighter)             Turns: 5122, Time: 00:10:11

Health: -14/67     AC: 11    Str: 24    XL:     8   Next: 52%
Magic:  14/14      EV: 10    Int: 12    God:    Demigod [**....]
Gold:   193        SH: 13    Dex: 16    Spells: 7/7 levels left

rFire    . . .     SeeInvis .   a - +0 long sword
rCold    . . .     Gourm    .   c - +0 medium shield
rNeg     . . .     Faith    .   j - +0 chain mail
rPois    +         Spirit   .   (no helmet)
rElec    .         Reflect  .   (no cloak)
rCorr    .         Harm     .   (no gloves)
MR       .....                  (no boots)
Stlth    ..........             l - amulet of regeneration
HPRegen  0.63/turn              h - ring of poison resistance
MPRegen  0.14/turn              u - +4 ring of evasion

@: no status effects
A: iridescent scales 1, blink, high mp 1
a: Blink, Temporal Distortion, Growth


You were on level 6 of the Dungeon.
You worshipped Demigod.
Demigod was pleased with you.
You were not hungry.

You visited 1 branch of the dungeon, and saw 6 of its levels.

You collected 329 gold pieces.
You spent 136 gold pieces at shops.

Inventory:

Hand Weapons
 a - a +0 long sword (weapon)
 b - a +1 hunting sling of freezing
Missiles
 w - 298 sling bullets
 A - 50 poisoned tomahawks (quivered)
Armour
 c - a +0 medium shield (worn)
 j - a +0 chain mail (worn)
Jewellery
 h - a ring of poison resistance (left hand)
 l - an amulet of regeneration (around neck)
 u - a +4 ring of evasion (right hand)
 x - an uncursed ring of resist corrosion
Wands
 k - a wand of digging (8)
 z - a wand of scattershot (5)
Scrolls
 f - 7 scrolls of remove curse
 g - a scroll of fog {unknown}
 n - a scroll of enchant armour {unknown}
 o - a scroll of blinking
 p - 2 scrolls of amnesia {unknown}
 r - 2 scrolls of teleportation
 t - a scroll of magic mapping {unknown}
 v - 2 scrolls of immolation {unknown}
Potions
 d - 4 potions of might
 m - a potion of mutation
 q - a potion of degeneration {unknown}
 s - a potion of curing {unknown}
 y - 2 potions of haste {unknown}
 B - a potion of brilliance {unknown}
Comestibles
 e - 6 rations {!d}
 i - 14 chunks of flesh


   Skills:
 * Level 4.3 Fighting
 * Level 6.1 Long Blades
 + Level 0.2(0.3) Slings
 + Level 0.1(0.2) Throwing
 + Level 3.6 Armour
 * Level 2.9 Dodging
 + Level 0.1 Stealth
 * Level 5.2 Shields
 * Level 4.2 Invocations


You had 7 spell levels left.
You didn't know any spells.
Your spell library was empty.

Dungeon Overview and Level Annotations

Branches:
Dungeon (6/12)
 Temple: D:4-7

Shops:
D:6 ?

Annotations:
D:2 1 runed door
D:6 Maksi666's ghost, novice MiBe


Innate Abilities, Weirdness & Mutations

You have an increased reservoir of magic. (+10% MP)
You are partially covered in iridescent scales. (AC +2)
You can translocate small distances at will.


Message History

The two-headed ogre is severely wounded.
The two-headed ogre hits you with a +0 giant spiked club!!
You block the two-headed ogre's attack.
You hit the two-headed ogre.
The two-headed ogre is almost dead.
The two-headed ogre hits you with a +0 giant spiked club!
The two-headed ogre hits you with a +0 giant club!
* * * LOW HITPOINT WARNING * * *
No path to travel!
Throwing (i - inventory)
A - 51 poisoned tomahawks (quivered)
Press: ? - help, Shift-Dir - straight line, f/p - two-headed ogre
Aim: a two-headed ogre, wielding a +0 giant spiked club and a +0 giant club (almost dead, poisoned)
You throw a poisoned tomahawk.
The poisoned tomahawk hits the two-headed ogre.
The two-headed ogre is almost dead.
The two-headed ogre hits you with a +0 giant spiked club!
* * * LOW HITPOINT WARNING * * *
The two-headed ogre hits you with a +0 giant club!!
You die...
Your divinity fades.

............)).)..#.#.......###..
.####.......##...................
..# ##...#####...................
.## ##...# ##..>................
..#####...###.....##.....(.......
....##............#..#...........
#............##......##..........
###....#.#...###.O..........###..
..##.###.###.###@.......#...##...
.....###.# #..##........##......#
....###..###......)....###..#...#
..).##....#...#..))....###.....##
.##...........#.#.).....###....##
..####....#.#..##..##..####.##..#
..##.......##.###..............#.
...#......รท....#..##...........#
#.....#..#....###.###..#.......#.


You could see a two-headed ogre.

Vanquished Creatures
  Sigmund (D:2)
  A crocodile (D:6)
  2 ice beasts (D:5)
  An orc warrior (D:6)
  A sky beast (D:6)
  An ogre (D:6)
  A phantom (D:4)
  A bullfrog (D:6)
  A big kobold (D:6)
  A water moccasin skeleton (D:4)
  2 orc priests
  A hound (D:4)
  A jelly (D:6)
  4 orc wizards
  A centaur skeleton (D:6)
  Jessica (D:3)
  A worker ant (D:4)
  5 adders
  A shadow imp (D:6)
  An ooze (D:3)
  An adder skeleton (D:4)
  6 worms
  3 dart slugs (D:1)
  5 leopard geckos
  19 orcs
  3 giant cockroaches
  9 hobgoblins
  9 jackals
  3 quokkas
  7 bats
  A frilled lizard (D:2)
  8 goblins
  12 kobolds
  3 rats
118 creatures vanquished.

Vanquished Creatures (others)
  2 plants
2 creatures vanquished.

Grand Total: 120 creatures vanquished

Notes
Turn   | Place    | Note
-------+----------+-------------------------------------------
     0 | D:1      | Morbidden the Demigod Fighter began the quest for the Orb.
     0 | D:1      | Reached XP level 1. HP: 18/18 MP: 3/3
   116 | D:1      | Reached XP level 2. HP: 18/25 MP: 4/4
   430 | D:1      | Reached skill level 2 in Long Blades
   492 | D:1      | Reached skill level 1 in Invocations
   527 | D:1      | Reached * piety under Demigod
   859 | D:1      | Reached XP level 3. HP: 29/30 MP: 6/6
   925 | D:2      | Noticed Sigmund
  1252 | D:2      | Found a runed door.
  1526 | D:2      | Reached XP level 4. HP: 38/38 MP: 7/7
  1719 | D:2      | Killed Sigmund
  1720 | D:2      | Reached skill level 3 in Long Blades
  1720 | D:2      | Reached skill level 1 in Dodging
  1720 | D:2      | Reached XP level 5. HP: 44/45 MP: 7/9
  1795 | D:3      | Reached ** piety under Demigod
  1849 | D:3      | Reached XP level 6. HP: 49/51 MP: 10/10
  1849 | D:3      | Noticed Jessica
  1853 | D:3      | Killed Jessica
  2435 | D:3      | Found a shattered altar of Ashenzari.
  2494 | D:3      | Reached skill level 4 in Long Blades
  2699 | D:4      | Noticed a +0 dagger
  2699 | D:4      | Noticed a +0 dagger
  2699 | D:4      | Noticed a +0 falchion
  2743 | D:4      | Found a hazy altar of Hepliaklqana.
  2825 | D:4      | Noticed a +0 spear
  2826 | D:4      | Noticed a +0 short sword
  2826 | D:4      | Noticed a +0 falchion
  2827 | D:4      | Noticed a +0 spear
  2827 | D:4      | Noticed a +0 short sword
  2838 | D:4      | Found a hide-covered altar of Uskayaw.
  3279 | D:4      | Reached XP level 7. HP: 57/57 MP: 12/12
  3318 | D:5      | Entered Level 5 of the Dungeon
  3462 | D:4      | Gained mutation: You are partially covered in iridescent
                  | scales. (AC +2) [potion of mutation]
  3462 | D:4      | Gained mutation: You can translocate small distances at
                  | will. [potion of mutation]
  3871 | D:5      | Found an ancient bone altar of Kikubaaqudgha.
  3954 | D:5      | Found a sparkling altar of Nemelex Xobeh.
  4330 | D:5      | Reached skill level 5 in Long Blades
  4602 | D:6      | Found Hiced's Magic Scroll Shoppe.
  4687 | D:6      | Bought a scroll of teleportation for 39 gold pieces
  4687 | D:6      | Bought a scroll of blinking for 97 gold pieces
  4762 | D:6      | Reached XP level 8. HP: 52/66 MP: 13/13
  4847 | D:6      | Noticed Maksi666's ghost (novice MiBe)
  4943 | D:6      | Reached skill level 5 in Shields
  4947 | D:6      | Reached skill level 6 in Long Blades
  5091 | D:6      | Noticed a two-headed ogre
  5122 | D:6      | Demolished by a two-headed ogre

Skill      XL: |  1  2  3  4  5  6  7  8 |
---------------+-------------------------+-----
Long Blades    | 2 3 4 5 6 |  6.1
Shields        | 3 4 5 |  5.2
Invocations    | 1 2 3 4 |  4.2
Fighting       | 3 4 |  4.3
Armour         | 3 |  3.6
Dodging        | 1 2 |  2.9
Slings         | |  0.2
Throwing       | |  0.1
Stealth        | |  0.1

Action                   |  1- 3 |  4- 6 |  7- 9 || total
-------------------------+-------+-------+-------++-------
Melee: Long sword        |   134 |   142 |   249 ||   525
 Fire: Hunting sling     |       |     3 |    10 ||    13
Throw: Tomahawk          |       |       |    10 ||    10
Invok: Growth            |       |       |     3 ||     3
 Abil: Blink             |       |       |     1 ||     1
Evoke: Wand              |       |       |     1 ||     1
  Use: Scroll            |       |     1 |     4 ||     5
       Potion            |       |       |     3 ||     3
  Eat: Chunk             |     7 |     9 |    12 ||    28
       Ration            |       |       |     1 ||     1
Armor: Scale mail        |   101 |    21 |       ||   122
       Chain mail        |       |    28 |   134 ||   162
Dodge: Dodged            |    41 |    33 |    71 ||   145
Block: Medium shield     |   106 |    77 |   144 ||   327
